 Dungeon Crawl Stone Soup version 0.26.0-10-g1f06aea511 (webtiles) character file.

Game seed: 15030165124743703672

3210 dohliylev the Basher (level 9, -13/51 HPs)
             Began as a Gargoyle Fighter on Jan 16, 2021.
             Mangled by a large slime creature (32 damage)
             ... on level 8 of the Dungeon.
             The game lasted 00:22:51 (8138 turns).

dohliylev the Basher (Gargoyle Fighter)             Turns: 8138, Time: 00:22:52

Health: -13/51     AC: 14    Str: 29    XL:     9   Next: 97%
Magic:  9/9        EV: 10    Int:  9    God:
Gold:   410        SH: 17    Dex:  9    Spells: 8/8 levels left

rFire    + . .     SeeInvis .   x - +4 mace
rCold    . . .     Faith    .   c - +0 kite shield
rNeg     + . .     Spirit   .   b - +0 scale mail
rPois    ∞         Reflect  +   (no helmet)
rElec    +         Harm     .   (no cloak)
rCorr    .         Rampage  .   (no gloves)
Will     .....                  (no boots)
Stlth    ..........             t - amulet of reflection
HPRegen  0.17/turn              l - ring of protection from fire
MPRegen  0.11/turn              m - +6 ring of strength

@: no status effects
A: negative energy resistance 1, electricity resistance, unbreathing,
petrification resistance, miasma immunity, AC +6
a: no special abilities


You were on level 8 of the Dungeon.
You visited 1 branch of the dungeon, and saw 8 of its levels.

You collected 410 gold pieces.

Inventory:

Hand Weapons
 x - a +4 mace (weapon)
Armour
 b - a +0 scale mail (worn)
 c - a +0 kite shield (worn)
Jewellery
 f - an uncursed amulet of faith
 l - a ring of protection from fire (left hand)
 m - a +6 ring of strength (right hand)
 o - an uncursed amulet of guardian spirit {unknown}
 t - an amulet of reflection (around neck)
 D - an uncursed ring of protection from cold {unknown}
Wands
 y - a wand of disintegration (5)
 A - a wand of random effects (13)
Scrolls
 a - 3 scrolls of enchant armour {unknown}
 g - 4 scrolls of identify
 i - 3 scrolls of blinking
 q - 5 scrolls of teleportation
 r - a scroll of fog
 B - a scroll of magic mapping {unknown}
 C - 4 scrolls of remove curse
 E - a scroll of fear {unknown}
Potions
 d - 3 potions of might
 e - 2 potions of brilliance {unknown}
 h - 3 potions of curing {unknown}
 j - 4 potions of heal wounds {unknown}
 k - a potion of lignification {unknown}
 n - 2 potions of attraction {unknown}
 p - 2 potions of invisibility {unknown}
 s - 2 potions of cancellation {unknown}
 u - 2 potions of mutation {unknown}
 v - a potion of berserk rage {unknown}
 w - 6 potions of ambrosia {unknown}
 z - 3 potions of flight {unknown}


   Skills:
 - Level 3.2 Fighting
 + Level 9.2 Maces & Flails
 + Level 6.7 Armour
 + Level 3.3 Dodging
 + Level 9.1 Shields


You had 8 spell levels left.
You didn't know any spells.
Your spell library contained the following spells:

 Spells                   Type           Power        Failure   Level
 Animate Skeleton         Necr           0%           86%         1
 Pain                     Necr           0%           86%         1
 Sandblast                Erth           0%           86%         1
 Passwall                 Tmut/Erth      0%           95%         2
 Stone Arrow              Conj/Erth      0%           99%         3
 Vampiric Draining        Necr           0%           99%         3
 Animate Dead             Necr           0%           100%        4
 Petrify                  Tmut/Erth      0%           100%        4
 Agony                    Necr           0%           100%        5
 Bolt of Magma            Conj/Fire/Erth 0%           100%        5
 Iskenderun's Battlesphe  Conj           0%           100%        5
 Lee's Rapid Deconstruct  Erth           0%           100%        5
 Iron Shot                Conj/Erth      0%           100%        6
 Orb of Destruction       Conj           0%           100%        7
 Spellforged Servitor     Conj/Summ      0%           100%        7


Dungeon Overview and Level Annotations

Branches:
Dungeon (8/15)             Temple (0/1) D:5
   Lair: D:8-11

Altars:


Innate Abilities, Weirdness & Mutations

You are resistant to torment.
Your stone body is resilient. (AC +6)
You are immune to poison.
You resist negative energy. (rN+)
You are resistant to electric shocks. (rElec)
You can survive without breathing.
You are immune to petrification.
You are immune to miasma.


Message History

You barely miss the large slime creature.
The large slime creature is severely wounded.
You block the large slime creature's attack.
You hit the large slime creature.
The large slime creature is severely wounded.
You block the large slime creature's attack.
You hit the large slime creature.
The large slime creature is severely wounded.
You block the large slime creature's attack.
You hit the large slime creature.
The large slime creature is severely wounded.
The large slime creature hits you.
Your shield and scale mail prevent you from hitting the large slime creature.
The large slime creature is severely wounded.
The large slime creature hits you!!
You hit the large slime creature.
The large slime creature is severely wounded.
The large slime creature hits you!!
Ouch! That really hurt!
You die...

####..##.#....#
#.........JJ..# ##.##.##+###
#####.####.#... #..#.# .###
#### #(####.#... ##.#.##...
..# #....#.#.#. #.#.##..#
#.#######J#.#.#.
#...##..#####.#....J..#...#.
##..##..#.........##..######
#.s##..#.####....##........ #
#...J..#sJ@......##.#######
#.##.....#.###.....##.......#
#...........<......######...#
####....##.#.###'##### #.###
####.......#...#.....# #.#
#..)..#.######.#####.# #.###
#####+###.............##.#
#....
.[...........#.....##'##J#
#####
...........>.##.####.....#


You could see a large slime creature and a scorpion.

Vanquished Creatures
  Pikel (D:8)
  A slime creature (D:8)
  3 water moccasins
  A phantom (D:7)
  A necrophage (D:8)
  3 ogres
  3 centaurs
  A lemure (D:8)
  4 bullfrogs
  5 killer bees (D:8)
  4 wights (D:6)
  A quasit (D:6)
  A centaur skeleton (D:5)
  2 hounds
  3 orc priests
  2 orc wizards
  2 iguanas
  6 worker ants
  A killer bee zombie (D:6)
  A hound zombie (D:6)
  2 hound skeletons
  A worker ant zombie (D:6)
  8 gnolls
  7 adders
  2 river rats (D:4)
  2 shadow imps (D:6)
  2 white imps
  An ooze (D:2)
  An adder zombie (D:6)
  An adder skeleton (D:7)
  3 worms
  12 dart slugs
  5 leopard geckos
  38 orcs
  A giant cockroach (D:6)
  11 goblins
  8 hobgoblins
  6 jackals
  3 ball pythons
  6 bats
  5 frilled lizards
  2 jackal skeletons
  11 kobolds
  A quokka skeleton (D:7)
  8 rats
193 creatures vanquished.

Notes
Turn   | Place    | Note
-------+----------+-------------------------------------------
     0 | D:1      | dohliylev the Gargoyle Fighter began the quest for the Orb.
     0 | D:1      | Reached XP level 1. HP: 14/14 MP: 1/1
   127 | D:1      | Reached XP level 2. HP: 11/19 MP: 2/2
   396 | D:1      | Reached XP level 3. HP: 21/23 MP: 3/3
  1060 | D:2      | Reached XP level 4. HP: 18/28 MP: 4/4
  1828 | D:2      | Reached XP level 5. HP: 25/32 MP: 5/5
  2203 | D:3      | Reached skill level 1 in Dodging
  2558 | D:4      | Noticed an ogre
  2572 | D:5      | Entered Level 5 of the Dungeon
  2906 | D:5      | Noticed a water moccasin
  2921 | D:5      | Killed a water moccasin
  2922 | D:5      | Reached XP level 6. HP: 12/37 MP: 6/6
  3399 | D:5      | Reached skill level 5 in Maces & Flails
  3399 | D:5      | Reached skill level 5 in Shields
  3399 | D:5      | Reached XP level 7. HP: 41/41 MP: 7/7
  3538 | D:5      | Found a staircase to the Ecumenical Temple.
  4005 | D:6      | Reached skill level 5 in Armour
  4157 | D:6      | Reached XP level 8. HP: 44/46 MP: 8/8
  5285 | D:7      | Reached XP level 9. HP: 51/51 MP: 9/9
  5460 | D:8      | Noticed Pikel
  5490 | D:8      | Killed Pikel
  6052 | D:8      | HP: 1/51 [slime creature (13)]
  8138 | D:8      | Mangled by a large slime creature

Illustrated notes

Levels and vault maps discovered:
D:1:      wander_arrival_fairy_ring, layout_basic, chequers_big_river,
          roderic_roman_lattice
D:2:      layout_basic
D:3:      layout_loops_corners, corexii_hall_statues_x, minivault_4
D:4:      kennysheep_slugbush, layout_loops_ring, lightli_sewer_entry_pipes
D:5:      layout_loops_ring, temple_pool_b
D:6:      layout_rooms
D:7:      layout_basic
D:8:      layout_basic, uniq_joseph, uniq_pikel

Skill      XL: |  1  2  3  4  5  6  7  8  9 |
---------------+----------------------------+-----
Shields        | 4 5 6 7 9 |  9.1
Armour         | 4 5 6 |  6.7
Maces & Flails | 3 4 5 6 7 9 |  9.2
Dodging        | 1 2 3 |  3.3
Fighting       | |  3.2

Action                   |  1- 3 |  4- 6 |  7- 9 || total
-------------------------+-------+-------+-------++-------
Melee: Flail             |    76 |   254 |   130 ||   460
       Mace              |       |       |   365 ||   365
  Use: Scroll            |       |       |     6 ||     6
Armor: Scale mail        |    30 |   121 |   129 ||   280
Dodge: Dodged            |    23 |    74 |   101 ||   198
Block: Kite shield       |    52 |   152 |   388 ||   592
       Reflection        |       |     1 |    16 ||    17
